 Dungeon Crawl Stone Soup version 0.31-a0-486-g8d68a81214 (webtiles) character file.

Game seed: 1052081627069044682

189 hashsling the Poker (level 6, -3/72 HPs)
             Began as a Human Gladiator on Aug 7, 2023.
             Splashed by a jelly's acid (4 damage)
             ... on level 3 of the Dungeon.
             The game lasted 00:08:30 (2716 turns).

hashsling the Poker (Human Gladiator)               Turns: 2716, Time: 00:08:31

Health: -3/72      AC:  2    Str: 23    XL:     6   Next: 0%
Magic:  6/6        EV: 12    Int:  8    God:
Gold:   101        SH:  0    Dex: 14    Spells: 5/5 levels left

rFire   . . .        e - +2 trident (heavy)
rCold   . . .        (no shield)
rNeg    . . .        j - +0 ring mail
rPois   .            c - +0 helmet
rElec   .            (no cloak)
rCorr   .            (no gloves)
SInv    .            (no boots)
Will    .....        (no amulet) Stlth
                     o - +4 ring of protection
HPRegen 0.32/turn    p - +6 ring of strength
MPRegen 0.10/turn

%: no passive effects
@: mighty, berserking, corroded, very quick
A: no striking features
a: no special abilities


You were on level 3 of the Dungeon.
You visited 1 branch of the dungeon, and saw 4 of its levels.

You collected 101 gold pieces.

Inventory:

Hand Weapons
 a - a +0 trident
 e - a +2 heavy trident (weapon)
Missiles
 d - 28 stones
 l - 3 throwing nets
 m - 7 javelins
 r - 6 darts of dispersal
 t - 3 poisoned darts (quivered)
Armour
 b - a +0 leather armour
 c - a +0 helmet (worn)
 g - a +0 scale mail
 j - a +0 ring mail (worn)
Jewellery
 o - a +4 ring of protection (left hand)
 p - a +6 ring of strength (right hand)
 u - a +5 ring of evasion
Wands
 v - a wand of paralysis (6)
Scrolls
 f - 2 scrolls of fear {unknown}
 h - 5 scrolls of identify {unknown}
 i - a scroll of noise {unknown}
 n - a scroll of fog {unknown}
 q - a scroll of enchant weapon {unknown}
 s - a scroll of teleportation {unknown}


   Skills:
 * Level 4.0 Fighting
 * Level 4.6 Polearms
 - Level 2.0 Throwing
 + Level 1.5 Armour
 - Level 3.0 Dodging


You had 5 spell levels left.
You didn't know any spells.
Your spell library contained the following spells:

 Spells                   Type           Power      Damage    Failure   Level
 Wereblood                Tmut           0%         N/A       71%         2
 Ozocubu's Armour         Ice            0%         N/A       90%         3
 Irradiate                Conj/Tmut      0%         3d11      100%        5
 Metabolic Englaciation   Hex/Ice        0%         N/A       100%        5
 Simulacrum               Ice/Necr       0%         N/A       100%        6


Dungeon Overview and Level Annotations

Branches:
Dungeon (4/15)
 Temple: D:4-7

Altars:
Cheibriados
Kikubaaqudgha


Message History

The ball python barely misses you. The ball python grabs you.
You stop ascending the stairs.
The ball python constricts you.
You escape the ball python's grasp.
The kobold barely misses you. The jelly hits you.
You are splashed with acid!
* * * LOW HITPOINT WARNING * * *
You climb upwards.
There is a stone staircase leading down here.
The ball python attacks as you move away!
The ball python closely misses you. The kobold misses you.
The kobold throws a poisoned dart.
The poisoned dart barely misses you. The ball python bites you.
* * * LOW HITPOINT WARNING * * *
The ball python closely misses you.
The kobold throws a poisoned dart.
The poisoned dart hits you!
You are poisoned.
The ball python attacks as you move away!
The ball python bites you.
* * * LOW HITPOINT WARNING * * *
You feel sick.
You feel sick.
You feel sick.
You feel sick. The ball python misses you. The ball python closely misses you.
It was a potion of might.
You feel very mighty all of a sudden.
You feel sick. The ball python misses you. The ball python barely misses you.
It was a potion of berserk rage.
A red film seems to cover your vision as you go berserk!
You feel yourself moving faster!
You feel mighty!
You feel sick.
You are no longer poisoned.
The ball python bites you.
* * * LOW HITPOINT WARNING * * *
The ball python misses you.
You impale the ball python!!
You kill the ball python!
You puncture the jelly!
Your hands burn!
* * * LOW HITPOINT WARNING * * *
The jelly is heavily wounded.
The jelly closely misses you.
You hit the jelly.
Your hands burn!
You die...

###############
####^............#
.....###########.# ###### ....##
#.# #....# #...# #.# #.##.# .#.##
#.# #.##.# .#.# #.# #.##.# .#.#
##### #.####.##.# .#.# #...#
##@..##.##.# ## .#.# #...#
##J###.#.##.# ####.
.#.#####...###K## ##..##.# #....
.#..#...).....## ##.##.# #.##.
.##.#.........# #####.##.# #.##.
..............###...#.##.####.##.
###.####...###.#.###.###.........
....# #..># ##.###.#.#####.####.
##### ##...###.#..)).)...........


You could see a jelly and a kobold.

Vanquished Creatures
  A howler monkey (D:4)
  Terence (D:2)
  3 gnolls (D:3)
  2 adders
  3 worms (D:2)
  An orc (D:3)
  4 ball pythons
  2 bats (D:2)
  7 endoplasms
  7 giant cockroaches
  7 goblins
  5 hobgoblins
  6 jackals (D:1)
  4 quokkas
  2 frilled lizards (D:1)
  7 kobolds
  4 rats
66 creatures vanquished.

Notes
Turn   | Place    | Note
-------+----------+-------------------------------------------
     0 | D:1      | hashsling the Human Gladiator began the quest for the Orb.
     0 | D:1      | Reached XP level 1. HP: 16/16 MP: 1/1
    57 | D:1      | Reached XP level 2. HP: 17/22 MP: 2/2
   266 | D:1      | Reached XP level 3. HP: 28/28 MP: 3/3
   787 | D:2      | Noticed Terence
  1180 | D:2      | Found a snail-covered altar of Cheibriados.
  1208 | D:2      | Reached XP level 4. HP: 29/35 MP: 4/4
  1373 | D:2      | Killed Terence
  1374 | D:2      | Reached skill level 1 in Armour
  1766 | D:2      | Reached XP level 5. HP: 41/41 MP: 5/5
  2577 | D:3      | Found an ancient bone altar of Kikubaaqudgha.
  2696 | D:4      | Reached XP level 6. HP: 48/48 MP: 6/6
  2713 | D:3      | HP: 2/72 [ball python (2)]
  2716 | D:3      | Splashed by a jelly's acid

Illustrated notes

Levels and vault maps discovered:
D:1:      dpeg_arrival_ternary, layout_basic, minmay_worlds_worst_comb
D:2:      minmay_evil_eye, layout_basic, basic_altar, uniq_terence
D:3:      layout_loops_ring, lemuel_coloured_pillars_altar
D:4:      layout_basic, tso_oasis_becter, minmay_temple_entry_enclosed_plants,
          uniq_duvessa

Skill      XL: |  1  2  3  4  5 |
---------------+----------------+-----
Fighting       | 3 4 |  4.0
Polearms       | 4 |  4.6
Armour         | 1 |  1.5
Throwing       | |  2.0
Dodging        | |  3.0

Action                     |  1- 3 |  4- 6 || total
---------------------------+-------+-------++-------
  Melee: Trident           |   141 |    64 ||   205
         Punch             |     1 |       ||     1
  Throw: Throwing net      |     3 |       ||     3
         Javelin           |     1 |     4 ||     5
         Stone             |       |     1 ||     1
         Dart              |       |     2 ||     2
    Use: Potion            |     1 |     2 ||     3
 Armour: Leather armour    |    34 |       ||    34
         Ring mail         |    11 |    15 ||    26
  Dodge: Dodged            |    82 |    45 ||   127

Table legend: (Time is in decaauts)
 A = Elapsed time spent in this place.
 B = Non-inter-level travel time spent in this place.
 C = Inter-level travel time spent in this place.
 D = Time resting spent in this place.
 E = Time spent auto-exploring this place.
 F = Levels seen in this place.
 G = Mean time per level.
                   A        B        C        D        E       F      G
               +--------+--------+--------+--------+--------+-----+--------+
         Total |   2764 |   2593 |    171 |    138 |   1771 |   4 |  691.0 |
       Dungeon |   2764 |   2593 |    171 |    138 |   1771 |   4 |  691.0 |
               +--------+--------+--------+--------+--------+-----+--------+

Top non-repeatable levels by time:
     D:1: 997 daAuts
     D:2: 884 daAuts
     D:3: 860 daAuts
     D:4: 22 daAuts
